 Dungeon Crawl Stone Soup version 0.31.0-12-g77e489cdc1 (webtiles) character file.

Game seed: 2725501303119306840

52 Lutefisk the Vexing (level 4, 0/34 HPs)
             Began as a Formicid Hexslinger on Feb 24, 2024.
             Killed by divine providence
             ... invoked by an orc priest
              (14 damage)
             ... on level 3 of the Dungeon.
             The game lasted 00:08:24 (699 turns).

Lutefisk the Vexing (Formicid Hexslinger)            Turns: 699, Time: 00:08:25

Health: 0/34       AC:  3    Str: 14    XL:     4   Next: 8%
Magic:  5/5        EV: 17    Int: 13    God:
Gold:   50         SH:  0    Dex: 16    Spells: 3/5 levels left

rFire   . . .        g - +0 spear
rCold   . . .        (no shield)
rNeg    . . .        c - +0 robe
rPois   .            (helmet unavailable)
rElec   .            h - +0 cloak
rCorr   .            (no gloves)
SInv    +            (no boots)
Will    .....        (no amulet)
Stlth   ++           i - +5 ring of evasion
HPRegen 0.25/turn    j - ring of wizardry
MPRegen 0.09/turn

%: wizardry (x1)
@: no status effects
A: permanent stasis, dig shafts and tunnels, antennae 3, four strong arms
a: Dig, Shaft Self


You were on level 3 of the Dungeon.
You visited 1 branch of the dungeon, and saw 3 of its levels.

You collected 50 gold pieces.

Inventory:

Hand Weapons
 a - a +1 sling
 d - a +0 club
 g - a +0 spear (weapon)
Missiles
 e - 3 javelins (quivered)
Armour
 c - a +0 robe (worn)
 h - a +0 cloak (worn)
Jewellery
 i - a +5 ring of evasion (left hand)
 j - a ring of wizardry (right hand)
Talismans
 f - a beast talisman
Scrolls
 b - a scroll of poison
 k - a scroll of amnesia {unknown}
 l - a scroll of fog {unknown}
 o - a scroll of teleportation {unknown}
 p - a scroll of immolation {unknown}
 q - a scroll of torment {unknown}
Potions
 m - 3 potions of curing {unknown}
 n - a potion of might {unknown}
 r - 2 potions of haste {unknown}


   Skills:
 * Level 2.8 Fighting
 - Level 0.1 Maces & Flails
 - Level 2.0 Ranged Weapons
 * Level 0.2 Armour
 * Level 1.8 Dodging
 * Level 2.7 Stealth
 - Level 1.1 Spellcasting
 - Level 3.6 Hexes
 - Level 1.0 Fire Magic


You had 3 spell levels left.
You knew the following spells:

 Your Spells              Type           Power      Damage    Failure   Level
a - Jinxbite              Hex            20%        N/A       4%          2

Your spell library contained the following spells:

 Spells                   Type           Power      Damage    Failure   Level
 Sigil of Binding         Hex            10%        N/A       8%          3
 Inner Flame              Hex/Fire       6%         N/A       13%         3
 Call Canine Familiar     Summ           0%         N/A       32%         3
 Cause Fear               Hex            5%         N/A       26%         4
 Dimensional Bullseye     Hex/Tloc       2%         N/A       45%         4


Dungeon Overview and Level Annotations

Branches:
Dungeon (3/15)

Altars:

Shops:
D:1 (


Innate Abilities, Weirdness & Mutations

You cannot be hasted, slowed, berserked, paralysed or teleported.
You can dig through walls and to a lower floor.
You have a pair of large antennae on your head. (SInv)
Your four strong arms can wield two-handed weapons with a shield.


Message History

The adder is almost dead.
The adder closely misses you.
You hit the adder.
You kill the adder!
You have reached level 4!
You feel clever.
r - 2 glowing sapphire potions An orc comes into view.
It is wielding a +0 hand axe.
Reach: g) +0 spear
Press: ? - help, Dir - move target, f - you That would be overly suicidal.
Okay, then.
The orc shouts!
You hear a shout! x2
Reach: g) +0 spear
Press: ? - help, Dir - move target, f - orc
Aim: an orc, wielding a +0 hand axe and wearing a +0 leather armour (about 37% to evade your +0 spear)
Okay, then.
You hit the orc.
The orc is lightly wounded.
The orc hits you with a +0 hand axe.
You hit the orc.
The orc is heavily wounded.
The orc barely misses you.
You hit the orc.
You kill the orc!
An orc priest comes into view. It is wielding a +0 falchion.
Throw: 4 javelins
Press: ? - help, Q - select action, (/) - cycle Shift-Dir - straight line, f - orc priest
Aim: an orc priest, wielding a +0 falchion (57% to hit)
You throw a javelin.
The javelin pierces through the orc priest.
The orc priest is lightly wounded.
The orc priest calls down the wrath of Beogh upon you.
Pain shoots through your body!
The orc priest calls down the wrath of Beogh upon you.
Beogh smites you!
The orc priest casts a cantrip, but nothing happens.
The orc priest mumbles some strange prayers to Beogh against you.
Beogh smites you!
You die...

###.# #.# #.# #.#
... ########o# ###
.........##
..#####...#
.)........######
..#####.†......#
##..####. #.@#
#..## #...# { ##..#
#..#
########..######
................
#.########...######
#............#


You could see an orc priest.

Vanquished Creatures
  2 adders
  2 dart slugs
  2 orcs
  5 ball pythons
  5 endoplasms
  2 giant cockroaches
  3 goblins (D:1)
  3 kobolds
  A frilled lizard (D:1)
  A rat (D:1)
26 creatures vanquished.

Notes
Turn   | Place    | Note
-------+----------+-------------------------------------------
     0 | D:1      | Lutefisk the Formicid Hexslinger began the quest for the
                  | Orb.
     0 | D:1      | Reached XP level 1. HP: 15/15 MP: 2/2
    42 | D:1      | Reached skill level 1 in Stealth
    76 | D:1      | Found Ruwogauk's Antique Weapon Shop.
   110 | D:1      | Reached XP level 2. HP: 19/22 MP: 3/3
   126 | D:1      | Learned a level 2 spell: Jinxbite
   318 | D:2      | Reached XP level 3. HP: 14/28 MP: 4/4
   652 | D:3      | Reached XP level 4. HP: 33/34 MP: 5/5
   699 | D:3      | Killed from afar by an orc priest

Illustrated notes

Levels and vault maps discovered:
D:1:      mainiacjoe_arrival_oval_in_oval, layout_rooms, serial_shops, shop,
          shapermc_ecumenical_altar_mp_ritualfount
D:2:      layout_basic, nrook_mini_backslash
D:3:      layout_loops_ring, minmay_close_crescents, uniq_terence

Skill      XL: |  1  2 |
---------------+-------+-----
Stealth        | 1 2 |  2.7
Fighting       | 2 |  2.8
Maces & Flails | |  0.1
Ranged Weapons | |  2.0
Armour         | |  0.2
Dodging        | |  1.8
Spellcasting   | |  1.1
Hexes          | |  3.6
Fire Magic     | |  1.0

Action                     |  1- 3 |  4- 6 || total
---------------------------+-------+-------++-------
  Melee: Unarmed           |     8 |       ||     8
         Spear             |   101 |     3 ||   104
         Club              |     2 |       ||     2
   Fire: Sling             |    14 |       ||    14
  Throw: Stone             |     5 |       ||     5
         Javelin           |       |     1 ||     1
   Cast: Jinxbite          |     1 |       ||     1
Ability: Dig               |     1 |       ||     1
   Stab: Sleeping          |     5 |       ||     5
 Armour: Robe              |    41 |     1 ||    42
  Dodge: Dodged            |    63 |     1 ||    64
   Form: Beast             |     1 |       ||     1
